General information
- name: BNet
- type: Ladder team game (AT/RT)
- host: Battle.net
- saver: trash-talk.
map: MarketSquare
- players: 8
- length: 21:42
- speed: Fast
- version: 1.26 W3XP
- replay type: Public
» download(146 KB)
Players
team 1 (loser)

»
SoloDude (
purple | 52 APM | 1122 actions | 21:40)
2 Keeper of the Grove
1 Entangling Roots
1 Thorns Aura
1 Paladin
1 Divine Shield
» actions
| Assign group hotkey | 22 | |
| Basic commands | 53 | |
| Build / train | 70 | |
| Enter build submenu | 33 | |
| Enter hero's abilities submenu | 3 | |
| Give item / drop item | 1 | |
| Remove unit from queue | 3 | |
| Right click | 253 | |
| Select / deselect | 237 | |
| Select group hotkey | 384 | |
| Use ability | 63 | |
1122 total
» units
| Wisp | 28 | |
| Archer | 2 | |
| Hippogryph | 2 | |
| Dryad | 10 | |
| Faerie Dragon | 2 | |
| Gryphon Rider | 2 | |
| Siege Engine | 1 | |
47 total
» upgrades
| Hippogryph Taming | 1 | |
| Nature's Blessing | 1 | |
| Abolish Magic | 2 | |
| Well Spring | 1 | |
| Strength of the Wild | 1 | |
| Reinforced Hides | 2 | |
| Barrage | 1 | |
9 total
» buildings
| Altar of Elders | 1 | |
| Moon Well | 8 | |
| Ancient of War | 1 | |
| Tree of Ages | 1 | |
| Ancient of Wind | 2 | |
| Ancient of Wonders | 2 | |
| Hunter's Hall | 1 | |
| Tree of Eternity | 1 | |
| Ancient Protector | 7 | |
| Ancient of Lore | 4 | |
| Chimaera Roost | 1 | |
29 total
» build order
00:07 Altar of Elders
00:20 Moon Well
01:15 Ancient of War
03:18 Tree of Ages
03:21 Moon Well
05:41 Ancient of Wind
05:45 Ancient of Wind
05:50 Moon Well
05:57 Ancient of Wonders
06:50 Hunter's Hall
07:12 Moon Well
07:22 Moon Well
07:30 Tree of Eternity
07:35 Moon Well
08:09 Ancient Protector
08:26 Ancient of Lore
10:14 Ancient Protector
10:16 Ancient Protector
11:14 Ancient of Lore
11:19 Ancient Protector
11:37 Ancient Protector
14:14 Ancient Protector
15:06 Ancient of Lore
15:08 Ancient Protector
15:15 Ancient of Lore
16:33 Ancient of Wonders
17:20 Moon Well
17:22 Moon Well
18:51 Chimaera Roost
» items
| Scroll of Town Portal | 4 | |
| Orb of Venom | 1 | |
5 total
Terran001 (
orange | 62 APM | 1077 actions | 17:30)
3 Mountain King
2 Storm Bolt
1 Bash
1 Paladin
1 Holy Light
» actions
| Assign group hotkey | 64 | |
| Basic commands | 1 | |
| Build / train | 68 | |
| ESC pressed | 5 | |
| Enter build submenu | 31 | |
| Enter hero's abilities submenu | 4 | |
| Give item / drop item | 1 | |
| Right click | 299 | |
| Select / deselect | 154 | |
| Select group hotkey | 401 | |
| Use ability | 49 | |
1077 total
» units
| Peasant | 24 | |
| Footman | 5 | |
| Gryphon Rider | 4 | |
| Dragonhawk Rider | 2 | |
| Flying Machine | 1 | |
36 total
» upgrades
| Lumber Harvesting | 2 | |
| Animal War Training | 1 | |
| Armor | 2 | |
| Swords | 1 | |
| Plating | 1 | |
| Storm Hammers | 1 | |
| Cloud | 1 | |
| Flying Machine Bombs | 1 | |
| Flak Cannons | 1 | |
11 total
» buildings
| Altar of Kings | 1 | |
| Farm | 6 | |
| Barracks | 1 | |
| Lumber Mill | 2 | |
| Scout Tower | 7 | |
| Arcane Tower | 2 | |
| Keep | 1 | |
| Arcane Vault | 2 | |
| Town Hall | 1 | |
| Guard Tower | 4 | |
| Castle | 1 | |
| Gryphon Aviary | 2 | |
| Blacksmith | 1 | |
| Workshop | 3 | |
34 total
» build order
00:29 Altar of Kings
00:37 Farm
00:52 Barracks
01:07 Farm
02:06 Farm
02:11 Lumber Mill
02:15 Scout Tower
03:15 Farm
03:18 Arcane Tower
04:06 Keep
04:34 Arcane Vault
04:43 Town Hall
04:48 Scout Tower
04:59 Scout Tower
05:01 Scout Tower
05:30 Guard Tower
05:34 Scout Tower
05:42 Guard Tower
06:03 Arcane Vault
06:25 Arcane Tower
06:49 Castle
07:24 Gryphon Aviary
07:51 Gryphon Aviary
08:34 Blacksmith
09:22 Farm
11:46 Farm
11:48 Workshop
11:51 Workshop
12:13 Workshop
13:53 Lumber Mill
14:57 Scout Tower
15:48 Guard Tower
15:54 Scout Tower
16:32 Guard Tower
» items
| Potion of Healing | 2 | |
| Scroll of Regeneration | 1 | |
| Dust of Appearance | 1 | |
| Scroll of Town Portal | 3 | |
7 total
HeavensCloud (
green | 42 APM | 907 actions | 21:31)
4 Death Knight
2 Death Coil
1 Unholy Aura
1 Death Pact
3 Dark Ranger
2 Life Drain
1 Black Arrow
1 Mountain King
1 Bash
» actions
| Assign group hotkey | 7 | |
| Build / train | 60 | |
| Enter build submenu | 22 | |
| Enter hero's abilities submenu | 8 | |
| Give item / drop item | 1 | |
| Remove unit from queue | 2 | |
| Right click | 232 | |
| Select / deselect | 151 | |
| Select group hotkey | 376 | |
| Use ability | 48 | |
907 total
» units
| Acolyte | 5 | |
| Ghoul | 3 | |
| Crypt Fiend | 11 | |
| Obsidian Statue | 1 | |
| Abomination | 1 | |
21 total
» upgrades
| Creature Attack | 1 | |
| Creature Carapace | 1 | |
| Unholy Strength | 1 | |
| Unholy Armor | 1 | |
4 total
» buildings
| Ziggurat | 9 | |
| Altar of Darkness | 1 | |
| Crypt | 1 | |
| Graveyard | 1 | |
| Nerubian Tower | 1 | |
| Halls of the Dead | 2 | |
| Tomb of Relics | 1 | |
| Black Citadel | 2 | |
| Sacrificial Pit | 1 | |
| Spirit Tower | 6 | |
| Necropolis | 3 | |
| Slaughterhouse | 2 | |
| Farm | 1 | |
31 total
» build order
00:11 Ziggurat
00:14 Altar of Darkness
00:34 Crypt
01:00 Graveyard
01:14 Ziggurat
01:38 Nerubian Tower
02:30 Ziggurat
03:40 Halls of the Dead
04:44 Ziggurat
05:39 Tomb of Relics
08:25 Black Citadel
08:36 Sacrificial Pit
09:45 Spirit Tower
09:47 Spirit Tower
10:52 Necropolis
11:01 Necropolis
12:59 Necropolis
13:25 Ziggurat
13:28 Ziggurat
13:35 Ziggurat
13:39 Ziggurat
13:44 Ziggurat
14:29 Spirit Tower
14:31 Spirit Tower
15:09 Halls of the Dead
15:24 Spirit Tower
15:26 Spirit Tower
15:52 Halls of the Dead
18:15 Black Citadel
18:19 Slaughterhouse
18:23 Slaughterhouse
19:50 Farm
» items
| Periapt of Vitality | 1 | |
| Potion of Lesser Invulnerability | 1 | |
| Scroll of Protection | 1 | |
| Scroll of Town Portal | 2 | |
| Potion of Healing | 1 | |
| Scroll of Regeneration | 1 | |
| Scroll of Speed | 1 | |
| Orb of Lightning | 1 | |
9 total

»
Champion_GoD (
pink | 39 APM | 834 actions | 21:12)
3 Shadow Hunter
2 Healing Wave
1 Hex
3 Beastmaster
2 Summon Bear
1 Summon Quilbeast
» actions
| Basic commands | 25 | |
| Build / train | 49 | |
| Enter build submenu | 20 | |
| Enter hero's abilities submenu | 7 | |
| Right click | 399 | |
| Select / deselect | 299 | |
| Use ability | 35 | |
834 total
» units
| Peon | 8 | |
| Grunt | 4 | |
| Shaman | 5 | |
| Tauren | 6 | |
23 total
» upgrades
| Armor | 2 | |
| Melee Weapons | 2 | |
| Shaman Training | 2 | |
| Spiked Barricades | 1 | |
| Pulverize | 1 | |
| Reinforced Defenses | 1 | |
9 total
» buildings
| Altar of Storms | 1 | |
| Orc Burrow | 7 | |
| Voodoo Lounge | 1 | |
| War Mill | 1 | |
| Barracks | 1 | |
| Stronghold | 1 | |
| Watch Tower | 2 | |
| Spirit Lodge | 1 | |
| Fortress | 4 | |
| Tauren Totem | 2 | |
21 total
» build order
00:23 Altar of Storms
00:38 Orc Burrow
01:09 Voodoo Lounge
01:40 War Mill
02:05 Orc Burrow
03:01 Barracks
03:29 Stronghold
03:38 Watch Tower
04:44 Watch Tower
05:38 Orc Burrow
05:59 Spirit Lodge
06:02 Fortress
06:02 Fortress
06:02 Fortress
08:28 Tauren Totem
08:30 Tauren Totem
10:45 Orc Burrow
11:06 Orc Burrow
12:39 Orc Burrow
18:00 Orc Burrow
» items
| Healing Salve | 1 | |
| Lesser Clarity Potion | 1 | |
| Scroll of Speed | 1 | |
3 total
team 2 (winner)
ichfindnixmehr (
yellow | 87 APM | 1892 actions | 21:41)
6 Death Knight
3 Death Coil
2 Unholy Aura
1 Death Pact
5 Dark Ranger
1 Black Arrow
3 Silence
1 Life Drain
» actions
| Assign group hotkey | 35 | |
| Basic commands | 2 | |
| Build / train | 82 | |
| Enter build submenu | 18 | |
| Enter hero's abilities submenu | 12 | |
| Give item / drop item | 6 | |
| Right click | 528 | |
| Select / deselect | 187 | |
| Select group hotkey | 916 | |
| Use ability | 106 | |
1892 total
» units
| Acolyte | 8 | |
| Ghoul | 4 | |
| Crypt Fiend | 12 | |
| Obsidian Statue | 11 | |
| Gargoyle | 11 | |
46 total
» upgrades
| Creature Attack | 3 | |
| Creature Carapace | 3 | |
| Web | 1 | |
| Destroyer Form | 1 | |
8 total
» buildings
| Crypt | 1 | |
| Graveyard | 1 | |
| Altar of Darkness | 1 | |
| Ziggurat | 9 | |
| Tomb of Relics | 1 | |
| Nerubian Tower | 2 | |
| Halls of the Dead | 1 | |
| Spirit Tower | 3 | |
| Sacrificial Pit | 1 | |
| Slaughterhouse | 1 | |
| Black Citadel | 1 | |
22 total
» build order
00:25 Crypt
00:27 Graveyard
01:03 Altar of Darkness
01:12 Ziggurat
01:25 Tomb of Relics
02:23 Ziggurat
02:46 Nerubian Tower
04:07 Ziggurat
05:33 Halls of the Dead
05:51 Nerubian Tower
06:22 Ziggurat
06:52 Ziggurat
07:47 Spirit Tower
07:50 Spirit Tower
08:20 Sacrificial Pit
08:46 Slaughterhouse
09:45 Black Citadel
10:18 Ziggurat
12:48 Ziggurat
12:49 Ziggurat
15:02 Spirit Tower
15:07 Ziggurat
» items
| Rod of Necromancy | 2 | |
| Sacrificial Skull | 1 | |
| Scroll of Town Portal | 2 | |
| Orb of Corruption | 1 | |
| Scroll of Protection | 1 | |
| Potion of Lesser Invulnerability | 1 | |
8 total

»
Panda-man (
red | 90 APM | 1957 actions | 21:41)
7 Blademaster
3 Wind Walk
3 Critical Strike
1 Bladestorm
» actions
| Assign group hotkey | 20 | |
| Basic commands | 4 | |
| Build / train | 63 | |
| Enter build submenu | 16 | |
| Enter hero's abilities submenu | 7 | |
| Right click | 1102 | |
| Select / deselect | 232 | |
| Select group hotkey | 398 | |
| Use ability | 115 | |
1957 total
» units
» upgrades
| Ranged Weapons | 3 | |
| Armor | 1 | |
| Reinforced Defenses | 1 | |
| Liquid Fire | 1 | |
| Spiked Barricades | 3 | |
9 total
» buildings
| Altar of Storms | 1 | |
| Orc Burrow | 4 | |
| War Mill | 1 | |
| Voodoo Lounge | 1 | |
| Watch Tower | 6 | |
| Stronghold | 1 | |
| Beastiary | 2 | |
| Fortress | 1 | |
17 total
» build order
00:06 Altar of Storms
00:08 Orc Burrow
00:36 War Mill
00:44 Voodoo Lounge
01:37 Orc Burrow
02:12 Watch Tower
02:32 Watch Tower
04:10 Stronghold
04:11 Orc Burrow
04:14 Orc Burrow
06:56 Beastiary
06:59 Beastiary
07:12 Fortress
10:23 Watch Tower
11:47 Watch Tower
13:58 Watch Tower
15:59 Watch Tower
» items
| Healing Salve | 1 | |
| Circlet of Nobility | 1 | |
| Potion of Mana | 2 | |
| Orb of Lightning | 4 | |
| Potion of Healing | 1 | |
| Scroll of Town Portal | 1 | |
10 total

»
trash-talk. (
blue | 51 APM | 1111 actions | 21:42)
3 Blood Mage
2 Flame Strike
1 Siphon Mana
» actions
| Assign group hotkey | 63 | |
| Basic commands | 21 | |
| Build / train | 64 | |
| Enter build submenu | 23 | |
| Enter hero's abilities submenu | 3 | |
| Remove unit from queue | 2 | |
| Right click | 335 | |
| Select / deselect | 181 | |
| Select group hotkey | 336 | |
| Use ability | 83 | |
1111 total
» units
| Peasant | 11 | |
| Mortar Team | 11 | |
| Sorceress | 6 | |
28 total
» upgrades
| Masonry | 3 | |
| Gunpowder | 3 | |
| Lumber Harvesting | 1 | |
| Sorceress Training | 2 | |
| Flare | 1 | |
| Fragmentation Shards | 1 | |
| Barrage | 1 | |
12 total
» buildings
| Altar of Kings | 1 | |
| Farm | 9 | |
| Scout Tower | 5 | |
| Lumber Mill | 2 | |
| Arcane Tower | 2 | |
| Guard Tower | 3 | |
| Keep | 2 | |
| Blacksmith | 1 | |
| Arcane Vault | 1 | |
| Workshop | 2 | |
| Arcane Sanctum | 1 | |
| Castle | 1 | |
30 total
» build order
00:08 Altar of Kings
00:22 Farm
00:36 Scout Tower
00:54 Lumber Mill
01:04 Arcane Tower
01:04 Arcane Tower
01:20 Farm
01:35 Scout Tower
01:38 Scout Tower
02:07 Guard Tower
02:12 Scout Tower
02:22 Scout Tower
02:44 Guard Tower
03:13 Keep
03:20 Guard Tower
03:41 Blacksmith
03:51 Farm
03:51 Farm
04:30 Farm
05:11 Farm
05:23 Arcane Vault
05:48 Workshop
05:53 Arcane Sanctum
06:00 Workshop
07:59 Farm
09:09 Castle
12:06 Lumber Mill
12:26 Farm
» items
| Scroll of Town Portal | 7 | |
| Potion of Healing | 1 | |
| Scroll of Regeneration | 1 | |
| Scroll of Healing | 1 | |
10 total
TheWanderer (
teal | 29 APM | 619 actions | 21:40)
4 Keeper of the Grove
2 Force of Nature
1 Thorns Aura
1 Entangling Roots
» actions
| Basic commands | 4 | |
| Build / train | 75 | |
| Enter build submenu | 27 | |
| Enter hero's abilities submenu | 4 | |
| Right click | 251 | |
| Select / deselect | 218 | |
| Use ability | 40 | |
619 total
» units
| Wisp | 27 | |
| Archer | 12 | |
| Druid of the Claw | 20 | |
59 total
» upgrades
| Improved Bows | 1 | |
| Druid of the Claw Training | 2 | |
| Strength of the Wild | 2 | |
| Reinforced Hides | 2 | |
| Hippogryph Taming | 1 | |
| Mark of the Claw | 1 | |
9 total
» buildings
| Moon Well | 6 | |
| Altar of Elders | 1 | |
| Ancient of War | 2 | |
| Tree of Ages | 1 | |
| Hunter's Hall | 2 | |
| Ancient of Wind | 1 | |
| Ancient of Lore | 2 | |
| Tree of Eternity | 1 | |
| Tree of Life | 3 | |
19 total
» build order
00:21 Moon Well
00:36 Moon Well
00:54 Altar of Elders
01:50 Ancient of War
02:18 Moon Well
03:11 Tree of Ages
04:27 Ancient of War
04:38 Hunter's Hall
04:46 Hunter's Hall
05:39 Ancient of Wind
06:00 Ancient of Lore
06:23 Tree of Eternity
07:28 Ancient of Lore
08:50 Moon Well
11:25 Tree of Life
11:38 Moon Well
12:36 Moon Well
18:30 Tree of Life
18:58 Tree of Life
Chat log
(00:11 / Allies) Panda-man: can i
(00:12 / Allies) Panda-man: p
(00:14 / Allies) Panda-man: borrow
(00:17 / Allies) Panda-man: 100 gold
(00:21 / Allies) Panda-man: pay back in 1 min
(00:31 / Allies) Panda-man: ty
(00:43 / Allies) trash-talk.: dont pay back
(00:47 / Allies) trash-talk.: im going mortars
(01:14 / Allies) Panda-man: ty
(01:17 / Allies) Panda-man: just need fast mill
(02:04 / Allies) trash-talk.: i hate the god damn corners on this map
(02:58 / All) trash-talk.: hacker
(03:08 / All) trash-talk.: LOOK AT THES EHACKERS
(03:27 / All) SoloDude: trashtalker lol
(03:29 / All) trash-talk.: 2 DON'T CREEPJACK on green creeps unless u hav emaphack
(03:44 / All) SoloDude: u fucking idiot my base is on above taht creep
(03:55 / All) Champion_GoD: lol
(04:00 / All) trash-talk.: well why didnt u go for the creeps that drop exp tomes
(04:01 / All) trash-talk.: idiot
(04:11 / All) trash-talk.: wy the shitty creeps
(04:13 / All) SoloDude: coz i fucking saw the bm is there
(04:18 / All) trash-talk.: with ur mh u saw
(04:19 / All) trash-talk.: u mean
(04:21 / All) trash-talk.: u got caught
(04:34 / All) trash-talk.: filing report right now
(04:38 / All) trash-talk.: BAMBI MAPHACKS
(04:48 / All) SoloDude: absolutely idiot go do it waste yoru time
(05:01 / All) trash-talk.: are u telling me blizzard doesnt care about this game anymore
(05:03 / All) SoloDude: i will report you for gayness
(06:08 / Allies) trash-talk.: wood
(06:11 / Allies) trash-talk.: plz
(07:48 / Allies) trash-talk.: in 2 min can one of u hit i just need a distraction
(08:50 / Allies) Panda-man: melee griff
(10:19 / Allies) Panda-man: can i get mask yellow?
(11:04 / Allies) trash-talk.: help my base
(11:06 / Allies) trash-talk.: green is gonna hit me
(12:59 / Allies) Panda-man: wtf blue
(13:00 / Allies) Panda-man: bsing?
(13:05 / Allies) trash-talk.: nope
(13:10 / Allies) Panda-man: lol
(13:32 / Allies) TheWanderer: when are we attacking?
(14:48 / Allies) trash-talk.: b?
(14:53 / Allies) trash-talk.: get back
(14:58 / All) SoloDude: FFS
(14:59 / Allies) trash-talk.: god yellow is so useless
(16:12 / Allies) trash-talk.: im getting no help from u faggots
(16:16 / Allies) Panda-man: we r winning
(16:19 / Allies) Panda-man: pink is solo
(17:51 / All) trash-talk.: faggot hacker
(18:38 / Allies) Panda-man: one motar
(18:41 / Allies) Panda-man: not invi
(18:44 / Allies) trash-talk.: i see that
(18:51 / Allies) Panda-man: shit
(18:52 / Allies) Panda-man: lol
(19:02 / All) trash-talk.: i dont believe ur not maphacking purple
(19:17 / All) SoloDude: hahaha i believe u an idiot
(19:58 / Allies) TheWanderer: trade someone 600 wood for 700 gold
(20:02 / Allies) trash-talk.: distract his ass so i can take out his hall
(20:13 / Allies) Panda-man: lol
(21:11 / All) Champion_GoD: borring game noobs